 Dungeon Crawl Stone Soup version 0.24-a0-581-gc0fa6600bf (webtiles) character file.

Game seed: 4060020975177304093

1059 MirrMurr the Chopper (level 8, -8/63 HPs)
             Began as a Minotaur Fighter on Aug 25, 2019.
             Was an Initiate of Hepliaklqana.
             Killed by divine providence
             ... invoked by an orc priest
              (11 damage)
             ... on level 4 of the Dungeon.
             The game lasted 00:08:32 (4114 turns).

MirrMurr the Chopper (Minotaur Fighter)             Turns: 4114, Time: 00:08:32

Health: -8/63      AC:  8    Str: 26    XL:     8   Next: 6%
Magic:  7/7        EV: 10    Int:  7    God:    Hepliaklqana [......]
Gold:   200        SH: 10    Dex: 10    Spells: 7/7 levels left

rFire    + . .     SeeInvis .   a - +0 war axe
rCold    . . .     Gourm    .   c - +0 shield
rNeg     . . .     Faith    .   m - +0 scale mail
rPois    .         Spirit   .   (helmet restricted)
rElec    .         Reflect  .   (no cloak)
rCorr    .         Harm     .   p - +0 pair of gloves
MR       .....                  (no boots)
Stlth    ..........             (no amulet)
HPRegen  0.20/turn              j - ring of protection from fire
MPRegen  0.10/turn              s - +5 ring of strength

@: no status effects
A: retaliatory headbutt, reduced essence, horns 2
a: Recall Ancestor, Ancestor Identity, Renounce Religion


You were on level 4 of the Dungeon.
You worshipped Hepliaklqana.
Hepliaklqana was noncommittal.
You were not hungry.

You visited 2 branches of the dungeon, and saw 5 of its levels.

You collected 200 gold pieces.

Inventory:

Hand Weapons
 a - a +0 war axe (weapon)
 b - a +0 hunting sling
Missiles
 g - 7 boomerangs (quivered)
 h - 125 stones
 i - 91 bolts
 C - 7 poisoned darts
Armour
 c - a +0 shield (worn)
 m - a +0 scale mail (worn)
 p - a +0 pair of gloves (worn)
Jewellery
 j - a ring of protection from fire (left hand)
 s - a +5 ring of strength (right hand)
Wands
 t - a wand of flame (25)
Scrolls
 e - a scroll of amnesia
 l - 2 scrolls of fog
 n - a scroll of enchant weapon {unknown}
 o - 4 scrolls of noise {unknown}
 q - a scroll of blinking {unknown}
 r - 3 scrolls of remove curse
 u - a scroll of teleportation {unknown}
 v - a scroll of immolation
 w - a scroll of identify {unknown}
 y - 4 scrolls of enchant armour {unknown}
Potions
 k - 4 potions of curing
 x - a potion of flight {unknown}
 A - a potion of invisibility {unknown}
 B - a potion of degeneration {unknown}
Comestibles
 d - 3 chunks of flesh
 f - 3 rations


   Skills:
 + Level 5.8 Fighting
 * Level 7.0 Axes
 + Level 5.8 Armour
 + Level 3.9 Dodging
 + Level 5.8 Shields


You had 7 spell levels left.
You didn't know any spells.
Your spell library was empty.

Dungeon Overview and Level Annotations

Branches:
Dungeon (4/15)             Temple (1/1) D:4

Altars:
Ashenzari
Cheibriados
Dithmenos
Gozag
Hepliaklqana
Kikubaaqudgha
Makhleb
Nemelex Xobeh
Okawaru
Qazlal
Ru
Sif Muna
Trog
Uskayaw
Vehumet
Wu Jian
Yredelemnul
Zin


Innate Abilities, Weirdness & Mutations

You reflexively headbutt those who attack you in melee.
You have a pair of horns on your head.
Your life essence is reduced to manifest your ancestor. (-10% HP)


Message History

The orc priest invokes the aid of Beogh against you.
Pain shoots through your body!
* * * LOW HITPOINT WARNING * * *
The orc hits you but does no damage.
Unknown command.
You hit the orc priest but do no damage.
The orc priest is almost dead.
You hit the orc priest but do no damage.
You hit the orc. You block the orc priest's attack. x2
The orc hits you but does no damage.
Unknown command.
You slash the orc priest!
You kill the orc priest!
Your Axes skill increases to level 7!
Your shield and scale mail prevent you from hitting the orc.
You hit the orc priest.
You feel sick.
You are no longer poisoned.
The orc priest calls down the wrath of Beogh upon you.
Beogh smites you!
You die...

### .
###≈≈###
.. ≈≈≈...
.≈≈ ≈....
≈.###
...# ##..
..#
#..o###(#
#..o@R.(#
#..)###.#
≈≈....#
#.#
≈.....
#.# #....
#.# #..##
#†# ###
#.# #.#
#.#


You could see the friendly Teglagyarimegallo the ancestor, an orc priest and an
orc.

Vanquished Creatures
  Pikel (D:4)
  Edmund (Temple)
  A slave (D:4)
  A phantom (D:4)
  2 scorpions
  2 orc priests
  3 hounds (D:4)
  A bullfrog skeleton (D:4)
  2 adders
  A shadow imp (D:2)
  2 oozes
  A worm (D:2)
  3 dart slugs
  3 leopard geckos
  10 orcs
  10 bats
  6 giant cockroaches
  6 goblins
  5 hobgoblins
  5 jackals (D:4)
  3 kobolds
  A quokka (D:2)
  2 ball pythons (D:1)
  2 frilled lizards
  A quokka skeleton (D:4)
  8 rats
83 creatures vanquished.

Vanquished Creatures (collateral kills)
  A worker ant (D:4)
  2 orcs (D:4)
3 creatures vanquished.

Vanquished Creatures (others)
  A hound (D:4)
  2 adders (D:4)
  An ancestor (D:4)
  A leopard gecko (D:4)
  2 jackals (D:4)
7 creatures vanquished.

Grand Total: 93 creatures vanquished

Notes
Turn   | Place    | Note
-------+----------+-------------------------------------------
     0 | D:1      | MirrMurr the Minotaur Fighter began the quest for the Orb.
     0 | D:1      | Reached XP level 1. HP: 19/19 MP: 0/0
   173 | D:1      | Reached XP level 2. HP: 27/27 MP: 1/1
   179 | D:1      | Reached skill level 3 in Axes
   672 | D:2      | Reached XP level 3. HP: 33/33 MP: 2/2
   673 | D:2      | Reached skill level 1 in Dodging
   742 | D:2      | Found a shadowy altar of Dithmenos.
  1232 | D:2      | Reached XP level 4. HP: 40/40 MP: 3/3
  1685 | D:3      | Reached skill level 4 in Axes
  1850 | D:3      | Reached XP level 5. HP: 47/47 MP: 4/4
  2367 | D:4      | Noticed Edmund
  2657 | D:4      | HP: 2/47 [Edmund/+1 dire flail of protection (9)]
  2660 | D:4      | Found a staircase to the Ecumenical Temple.
  3068 | Temple   | Entered the Ecumenical Temple
  3152 | Temple   | Killed Edmund
  3152 | Temple   | Reached XP level 6. HP: 32/53 MP: 5/5
  3242 | Temple   | Became a worshipper of Hepliaklqana the Forgotten
  3263 | D:4      | Reached skill level 5 in Axes
  3312 | D:4      | Noticed a slave
  3325 | D:4      | Killed a slave
  3332 | D:4      | Reached skill level 5 in Fighting
  3332 | D:4      | Reached skill level 5 in Shields
  3339 | D:4      | Reached skill level 5 in Armour
  3339 | D:4      | Noticed a slave
  3342 | D:4      | Noticed Pikel
  3342 | D:4      | Noticed a slave
  3599 | D:4      | Noticed a slave
  3612 | D:4      | Killed Pikel
  3612 | D:4      | Reached skill level 6 in Axes
  3612 | D:4      | Reached XP level 7. HP: 16/55 MP: 6/6
  4041 | D:4      | Found a burning altar of Makhleb.
  4099 | D:4      | Reached XP level 8. HP: 51/63 MP: 7/7
  4114 | D:4      | Reached skill level 7 in Axes
  4114 | D:4      | HP: 3/63 [poisoned by a scorpion]
  4114 | D:4      | Killed from afar by an orc priest

Levels and vault maps discovered:
D:1:      minmay_arrival_solitary_statue, layout_basic, minmay_cut_off
D:2:      layout_loops_corners, grunt_dithmenos_smoke_and_mirrors
D:3:      layout_basic
D:4:      layout_rooms, xom_confusion_cloud, temple_pool_b, first_ration,
          cheibrodos_sewer_entry_bend, makhleb_heckhound_becter, uniq_edmund,
          uniq_pikel
Temple:   lightli_temple_of_artemis

Skill      XL: |  1  2  3  4  5  6  7  8 |
---------------+-------------------------+-----
Axes           | 3 4 6 7 |  7.0
Fighting       | 4 5 |  5.8
Dodging        | 1 2 3 |  3.9
Armour         | 4 5 |  5.8
Shields        | 4 5 |  5.8

Action                   |  1- 3 |  4- 6 |  7- 9 || total
-------------------------+-------+-------+-------++-------
Melee: War axe           |    81 |    98 |    21 ||   200
       Headbutt          |     9 |    22 |     4 ||    35
       Hunting sling     |       |    69 |       ||    69
 Fire: Hunting sling     |       |    34 |     6 ||    40
Invok: Ancestor Identity |       |     1 |       ||     1
  Use: Scroll            |     1 |     5 |       ||     6
       Potion            |       |     6 |       ||     6
  Eat: Chunk             |     1 |     4 |     2 ||     7
       Ration            |       |     1 |       ||     1
Armor: Scale mail        |    30 |    55 |     8 ||    93
       Skin              |       |    19 |       ||    19
Dodge: Dodged            |    25 |    45 |     9 ||    79
Block: Shield            |    41 |   112 |     8 ||   161

Table legend:
 A = Non-vault XP
 B = Vault XP
 C = Vault XP percentage of total XP
 D = Non-vault monster count
 E = Vault monster count
 F = Vault count percentage of total count
                 A         B        C        D         E       F
            +---------+---------+-------+---------+---------+-------
      Total |     525 |     988 |  65.3 |      76 |       9 |  10.6
            +---------+---------+-------+---------+---------+-------
        D:1 |      25 |       6 |  19.4 |      10 |       3 |  23.1
        D:2 |      77 |       0 |   0.0 |      27 |       0 |   0.0
        D:3 |     169 |       0 |   0.0 |      22 |       0 |   0.0
        D:4 |     254 |     833 |  76.6 |      17 |       5 |  22.7
     Temple |       0 |     149 | 100.0 |       0 |       1 | 100.0
            +---------+---------+-------+---------+---------+-------
